 Dungeon Crawl Stone Soup version 0.19-a0-1896-g611e798 (webtiles) character file.

180 Kaname the Stinger (level 5, 0/31 HPs)
             Began as a High Elf Wanderer on Oct 19, 2016.
             Slain by Natasha (9 damage)
             ... on level 3 of the Dungeon.
             The game lasted 00:09:22 (2575 turns).

Kaname the Stinger (High Elf Wanderer)              Turns: 2575, Time: 00:09:23

Health: 0/31       AC:  5    Str: 10    XL:     5   Next: 33%
Magic:  6/9        EV: 11    Int: 17    God:
Gold:   147        SH:  0    Dex: 15    Spells: 3 memorised, 1 level left

rFire  . . .     SeeInvis .     u - +2 quarterstaff (chaos)
rCold  . . .     Gourm    .     d - +0 robe
rNeg   . . .     Faith    .     (shield currently unavailable)
rPois  .         Spirit   .     v - +0 helmet
rElec  .         Reflect  .     A - +0 cloak
rCorr  .         Harm     .     k - +0 pair of gloves
MR     +....                    (no boots)
Stlth  +.........               (no amulet)
                                (no ring)
                                z - ring of protection from magic

@: very slightly contaminated, invisible
A: no striking features
a: no special abilities


You were on level 3 of the Dungeon.
You were not hungry.

You visited 1 branch of the dungeon, and saw 3 of its levels.

You collected 147 gold pieces.

Inventory:

Hand Weapons
 u - a +2 quarterstaff of chaos (weapon)
 F - a +1 dagger of protection
Armour
 d - a +0 robe (worn)
 k - a +0 pair of gloves (worn)
 v - a +0 helmet (worn)
 A - a +0 cloak (worn)
Jewellery
 z - a ring of protection from magic (left hand)
Wands
 w - a wand of flame (22/48)
Scrolls
 n - a scroll of identify {unknown}
 o - a scroll of amnesia
 y - a scroll of remove curse {unknown}
Potions
 h - 3 potions of invisibility
 i - a potion of brilliance {unknown}
 p - a potion of mutation {unknown}
 q - a potion of degeneration {unknown}
 s - 2 potions of heal wounds {unknown}
 t - a potion of magic {unknown}
 x - a potion of cure mutation {unknown}
 C - a potion of berserk rage {unknown}
 D - a potion of ambrosia {unknown}
Books
 a - a Young Poisoner's Handbook

   Spells                             Type                      Level
   a - Sting                          Conjuration/Poison           1
   b - Mephitic Cloud                 Conjuration/Poison/Air       3
   c - Olgreb's Toxic Radiance        Poison                       4
   d - Alistair's Intoxication        Transmutation/Poison         5
   e - Venom Bolt                     Conjuration/Poison           5
 b - the Almanac of Arcane Weapons

   Spells                             Type                      Level
   a - Magic Dart                     Conjuration                  1
   b - Dazzling Spray                 Conjuration/Hexes            3
 c - Boch's Volume of Attacks

   Spells                             Type                      Level
   a - Magic Dart                     Conjuration                  1
   b - Static Discharge               Conjuration/Air              3
Comestibles
 f - 4 bread rations
 g - 2 meat rations
 r - a beef jerky


   Skills:
   Level 1.0 Shields
 - Level 2.4 Spellcasting
 - Level 2.1 Conjurations
   Level 1.1 Translocations
 * Level 3.9 Air Magic
 - Level 4.1 Poison Magic
 - Level 1.0 Evocations


You had one spell level left.
You knew the following spells:

 Your Spells              Type           Power        Failure   Level  Hunger
a - Sting                 Conj/Pois      ##..         6%          1    #......
b - Mephitic Cloud        Conj/Pois/Air  ##......     14%         3    ###....
c - Static Discharge      Conj/Air       ##......     17%         3    ###....


Dungeon Overview and Level Annotations

Branches:
Dungeon (3/15)

Altars:
Ashenzari
Cheibriados
Gozag
Uskayaw

Annotations:
D:3 Natasha


Message History

Aim: Natasha, carrying a wand of flame {zapped: 3} (purple smoke)
The sting hits Natasha.
Natasha is poisoned.
Natasha is lightly wounded.
Natasha claws you.
* * * LOW HITPOINT WARNING * * *
You feel better. Natasha barely misses you.
Casting: Sting
Confirm with . or Enter, or press ? or * to list all spells.
Aiming: Sting
Press: ? - help, Shift-Dir - straight line, f/p - Natasha
Aim: Natasha, carrying a wand of flame {zapped: 3} (purple smoke, moderately wounded, poisoned)
The sting misses Natasha.
Natasha zaps a wand.
The puff of flame hits you!
* * * LOW HITPOINT WARNING * * *
Casting: Sting
Confirm with . or Enter, or press ? or * to list all spells.
Aiming: Sting
Press: ? - help, Shift-Dir - straight line, f/p - Natasha
Aim: Natasha, carrying a wand of flame {zapped: 4} (purple smoke, heavily wounded, poisoned)
The sting misses Natasha.
Natasha claws you!
You die...

### ).# ##### #.##
#####...# ...##
#§..§§#§#
....#######.###§§§#
.....#....#># ##§##
._...####.#h# #§#
.....#....§.# #h#
....#####§### #@#
...##.# #.# #.#
####..# #h# #.#****
.###.## #g# #..,,,*
..†...#
#.########**,*
.###..# #...g5# *,*
## #..# #####5# *,*
# #..# #.# **##.***
####..#
##g#**....,,**


You could see Natasha.

Vanquished Creatures
  Crazy Yiuf (D:2)
  An orc wizard (D:3)
  Robin (D:2)
  4 adders
  3 worms
  2 dart slugs
  2 leopard geckos (D:3)
  5 orcs (D:3)
  2 ball pythons
  2 giant cockroaches
  15 goblins
  6 hobgoblins
  A kobold (D:1)
  5 bats
  6 frilled lizards
  3 rats
59 creatures vanquished.

Vanquished Creatures (others)
  An ooze (D:3)
1 creature vanquished.

Grand Total: 60 creatures vanquished

Notes
Turn   | Place    | Note
-------+----------+-------------------------------------------
     0 | D:1      | Kaname the High Elf Wanderer began the quest for the Orb.
     0 | D:1      | Kaname set off with: a Young Poisoner's Handbook, the Almanac of Arcane Weapons, Boch's Volume of Attacks, a +0 robe, a +0 dagger, a bread ration
     0 | D:1      | Reached XP level 1. HP: 11/11 MP: 4/4
     0 | D:1      | Identified the Almanac of Arcane Weapons
     0 | D:1      | Identified Boch's Volume of Attacks
     2 | D:1      | Learned a level 1 spell: Sting
   264 | D:1      | Reached XP level 2. HP: 17/17 MP: 3/6
   311 | D:1      | Reached skill level 3 in Poison Magic
  1007 | D:2      | Found a shattered altar of Ashenzari.
  1098 | D:2      | Reached XP level 3. HP: 21/21 MP: 1/7
  1103 | D:2      | Noticed Robin
  1286 | D:1      | Learned a level 3 spell: Mephitic Cloud
  1350 | D:2      | Killed Robin
  1488 | D:2      | Reached skill level 4 in Poison Magic
  1489 | D:2      | Found a snail-covered altar of Cheibriados.
  1516 | D:2      | Found a runed door.
  1547 | D:2      | Reached XP level 4. HP: 18/27 MP: 4/8
  1800 | D:2      | Found an opulent altar of Gozag.
  1805 | D:2      | Learned a level 3 spell: Static Discharge
  1939 | D:2      | Noticed Crazy Yiuf
  1958 | D:2      | Killed Crazy Yiuf
  2206 | D:3      | Found a hide-covered altar of Uskayaw.
  2217 | D:3      | Reached XP level 5. HP: 11/31 MP: 6/9
  2538 | D:3      | Noticed Natasha
  2575 | D:3      | Slain by Natasha

Vault maps used:
D:1:      scummos_arrival_forest, serial_glass, glass_columns_c,
          glass_columns_b, minmay_tall_x
D:2:      evilmike_ruin_ashenzari, kennysheep_slug_shrine,
          lemuel_coloured_pillars_altar, due_unseen_surprise,
          uniq_crazy_yiuf_cottage, uniq_robin
D:3:      lemuel_round_altar, first_bread, hangedman_decor_growths, uniq_natasha

Skill      XL: |  1  2  3  4 |
---------------+-------------+-----
Poison Magic   | 3 4 |  4.1
Air Magic      | 3 |  3.9
Shields        | |  1.0
Spellcasting   | |  2.4
Conjurations   | |  2.1
Translocations | |  1.1
Evocations     | |  1.0

Action                   |  1- 3 |  4- 6 || total
-------------------------+-------+-------++-------
Melee: Dagger            |    55 |       ||    55
       Spear             |     4 |    12 ||    16
       Quarterstaff      |       |    47 ||    47
 Cast: Sting             |    42 |    29 ||    71
       Mephitic Cloud    |       |     1 ||     1
  Use: Scroll            |     1 |     4 ||     5
       Potion            |       |     3 ||     3
 Stab: Sleeping          |     1 |       ||     1
  Eat: Chunk             |     2 |     4 ||     6
Armor: Robe              |    24 |    20 ||    44
Dodge: Dodged            |    64 |    41 ||   105
